 Dungeon Crawl Stone Soup version 0.28.0-53-g5a82cb258f (webtiles) character file.

Game seed: 5754026692264733995

2 Descartes the Sneak (level 1, -2/11 HPs)
             Began as a Vine Stalker Delver on May 21, 2022.
             Slain by an ice beast (4 damage)
             ... on level 5 of the Dungeon.
             The game lasted 00:00:44 (52 turns).

Descartes the Sneak (Vine Stalker Delver)             Turns: 52, Time: 00:00:45

Health: -2/11      AC:  3    Str: 14    XL:     1   Next: 30%
Magic:  0/2        EV: 11    Int: 10    God:
Gold:   0          SH:  0    Dex: 15    Spells: 0/0 levels left

rFire   . . .      SeeInvis .   a - +0 short sword
rCold   . . .      Faith    .   (no shield)
rNeg    . . .      Spirit   +   b - +0 leather armour
rPois   .          Reflect  .   (no helmet)
rElec   .          Harm     .   (no cloak)
rCorr   .          Rampage  .   (no gloves)
Will    .....                   (no boots)
Stlth   +++.......              (no amulet)
HPRegen 0.03/turn               (no ring)
MPRegen 0.08/turn               (no ring)

@: no status effects
A: fangs 2, magic shield, antimagic bite, no potion heal 2
a: no special abilities


You were on level 5 of the Dungeon.
You visited 1 branch of the dungeon, and saw 1 of its levels.

Inventory:

Hand Weapons
 a - a +0 short sword (weapon)
Armour
 b - a +0 leather armour (worn)
Wands
 g - a wand of digging (3)
Scrolls
 c - a scroll of fog
 e - a scroll of fear
Potions
 d - a potion of brilliance {unknown}
 f - a potion of haste


   Skills:
 - Level 2.7 Fighting
 + Level 1.8 Short Blades
 + Level 1.6 Dodging
 + Level 6.0 Stealth


You couldn't memorise any spells.
You didn't know any spells.
Your spell library was empty.

Dungeon Overview and Level Annotations

Branches:
Dungeon (5/15)             Temple (0/1) D:5

Altars:


Innate Abilities, Weirdness & Mutations

You have extremely sharp teeth.
When hurt, damage is shared between your health and your magic reserves.
Your bite disrupts and absorbs the magic of your enemies.
Potions cannot restore your health.


Message History

You hear the sound of rushing water.
There is an entrance to a sewer on this level.
Hurry and find it before the portal rusts away!
Welcome, Descartes the Vine Stalker Delver.
You feel drawn to the Orb of Zot, downwards into the unfathomable depths...
Press ? for a list of commands and other information.
Found an escape hatch in the floor.
Found a stone staircase leading down.
As you read the scroll of magic mapping, it crumbles to dust.
You feel aware of your surroundings.
You sensed 2 shops/portals.
Found a scale mail.
An orc comes into view. It is wielding a +0 whip.
The helpless orc fails to defend itself.
You impale the orc!!
You kill the orc!
Unknown command.
Unknown command.
Things that are here:
a +0 whip; 3 boomerangs
Found a grey potion.
d - a grey potion An ice beast comes into view.
Found a staircase to the Ecumenical Temple.
Found 23 gold pieces and a hand axe.
You hear the slow rusting of a drain nearby.
The ice beast hits you. The ice beast freezes you!
Ouch! That really hurt!
* * * LOW HITPOINT WARNING * * *
You hit the ice beast but do no damage. Your bite misses the ice beast.
The ice beast closely misses you.
You hit the ice beast but do no damage. The ice beast hits you.
You die...

*,,,,* *≈,,,* *≈,,,* ≈≈≈,,*
*≈,,,*** ##### ≈≈,,,,,*****
######...# *,,,,*,,,,,*
#........########
≈≈,,,,,***,*#####.####...........
≈,,,,*** *,*#$.Y@....##.###....#.
,***** **,#..##...#..#.# #....#.
,* *...,*,.#.#.....# #....#) ,**
*.*,,*....#.$#..# #....#. ,,**
***,,,,.#...)##...# ##.#.#. ,,,**
*,,,,,.....>......# #..###
,,,,***,**,#.,##....#...# #...#.
,,,,,,,,,*,#,*,,*....*,,* *.....
,,,,***,,,,,,,,,*,*,,*,,* *###.#


You could see an ice beast.

Vanquished Creatures
  An orc (D:5)
1 creature vanquished.

Notes
Turn   | Place    | Note
-------+----------+-------------------------------------------
     0 | D:5      | Descartes the Vine Stalker Delver began the quest for the
                  | Orb.
     0 | D:5      | Reached XP level 1. HP: 11/11 MP: 2/2
    47 | D:5      | Noticed an ice beast
    48 | D:5      | Found a staircase to the Ecumenical Temple.
    52 | D:5      | Slain by an ice beast

Illustrated notes

Levels and vault maps discovered:
D:5:      minmay_chambers_of_threes, layout_loops_ring,
          minmay_temple_entry_mini_moons, lightli_sewer_entry_pipes,
          serial_shops, nicolae_shop_advertising_works
          [nicolae_subvault_shop_adworks], uniq_blork_the_orc

Action                   || total
-------------------------++-------
Melee: Short sword       ||     3
  Use: Scroll            ||     1
 Stab: Sleeping          ||     1
Dodge: Dodged            ||     1
